 Dungeon Crawl Stone Soup version 0.29-a0-299-g4c793a2ed2 (webtiles) character file.

Game seed: 2420032819725300654

14672 kae the Arsonist (level 12, -20/72 HPs)
             Began as a Tengu Fire Elementalist on Mar 24, 2022.
             Was a Believer of Vehumet.
             Demolished by a lorocyproca (31 damage)
             ... on level 1 of the Abyss.
             The game lasted 00:18:48 (20176 turns).

kae the Arsonist (Tengu Fire Elementalist)         Turns: 20176, Time: 00:18:49

Health: -20/72     AC:  6    Str:  9    XL:     12   Next: 19%
Magic:  0/24       EV: 23    Int: 22    God:    Vehumet [**....]
Gold:   385        SH:  7    Dex: 16    Spells: 7/25 levels left

rFire   . . .      SeeInvis .   K - +7 dagger "Imeethinar" {spect, Fly rPois Int+3}
rCold   + . .      Faith    .   M - +2 buckler
rNeg    + . .      Spirit   +   a - +1 robe
rPois   +          Reflect  .   (helmet restricted)
rElec   .          Harm     .   s - +2 cloak "Govvodd" {rC+ Stlth+}
rCorr   .          Rampage  .   (no gloves)
Will    .....                   (boots unavailable)
Stlth   +++.......              r - amulet of guardian spirit
HPRegen 0.22/turn               f - +4 ring of evasion
MPRegen 0.19/turn               q - ring of positive energy

@: flying quickly and evasively, quick
A: beak, talons 3, nimble flight
a: Renounce Religion


You were on level 1 of the Abyss.
You worshipped Vehumet.
Vehumet was pleased with you.
You visited 2 branches of the dungeon, and saw 12 of its levels.
You visited the Abyss 1 time.
You also visited: Ossuary.

You collected 516 gold pieces.
You spent 131 gold pieces at shops.

Inventory:

Hand Weapons
 t - a +2 halberd of flaming
 C - a +1 war axe
 K - the +7 dagger "Imeethinar" (weapon) {spect, Fly rPois Int+3}
   (You found it on level 7 of the Dungeon)

   When its wielder attacks, the weapon's spirit leaps out and strikes again.
   The spirit shares a part of any damage it takes with its wielder.
   Int:       It affects your intelligence (+3).
   rPois:     It protects you from poison.
   Fly:       It grants you flight.
Missiles
 n - 2 throwing nets
Armour
 a - a +1 robe (worn)
 s - the +2 cloak "Govvodd" (worn) {rC+ Stlth+}
   (You found it on level 4 of the Dungeon)

   rC:        It protects you from cold.
   Stlth:     It makes you more stealthy.
 I - the +2 pair of gloves of Demons {Dex+3}
   (You found it on level 7 of the Dungeon)

   Dex:       It affects your dexterity (+3).
 J - the +4 ring mail "Fenugh" {rC- Str+3 Dex+5}
   (You found it on level 7 of the Dungeon)

   Str:       It affects your strength (+3).
   Dex:       It affects your dexterity (+5).
   rC:        It makes you vulnerable to cold.
 M - a +2 buckler (worn)
Jewellery
 b - a ring of fire
 c - a ring of resist corrosion
 d - a ring of willpower
 f - a +4 ring of evasion (left hand)
 q - a ring of positive energy (right hand)
 r - an amulet of guardian spirit (around neck)
 D - an amulet of faith
 L - a +4 ring of protection
 P - a +4 ring of evasion
Wands
 j - a wand of flame (23)
 o - a wand of polymorph (21)
 G - a wand of acid (27)
 N - a wand of digging (4)
 R - a wand of charming (4)
Scrolls
 g - 7 scrolls of teleportation
 u - 3 scrolls of enchant weapon
 w - 3 scrolls of fog
 y - 3 scrolls of holy word
 B - 2 scrolls of silence
 H - a scroll of summoning
 Q - a scroll of identify
Potions
 e - 2 potions of flight
 h - 2 potions of ambrosia
 i - 3 potions of might
 k - 4 potions of cancellation
 l - 2 potions of attraction
 m - a potion of heal wounds
 p - 8 potions of curing
 v - 2 potions of brilliance
 x - a potion of mutation {unknown}
 z - a potion of invisibility {unknown}
 A - 5 potions of lignification {unknown}
 E - a potion of haste {unknown}
 F - 3 potions of degeneration {unknown}
 O - 2 potions of berserk rage {unknown}


   Skills:
 + Level 7.6 Fighting
 + Level 8.8 Dodging
 - Level 2.0 Stealth
 - Level 4.0 Shields
 + Level 7.4 Spellcasting
 + Level 10.2 Conjurations
 * Level 12.5 Fire Magic


You had 7 spell levels left.
You knew the following spells:

 Your Spells              Type           Power      Damage    Failure   Level
a - Foxfire               Conj/Fire      100%       2x1d9     1%          1
b - Scorch                Fire           100%       2d10      1%          2
c - Conjure Flame         Conj/Fire      55%        6-21      1%          3
d - Inner Flame           Hex/Fire       35%        N/A       2%          3
e - Flame Wave            Conj/Fire      55%        2d11      1%          4
f - Fireball              Conj/Fire      27%        3d12      2%          5

Your spell library contained the following spells:

 Spells                   Type           Power      Damage    Failure   Level
 Ignite Poison            Fire/Tmut/Pois 26%        N/A       5%          3
 Magic Dart               Conj           100%       1d8       1%          1
 Stone Arrow              Conj/Erth      60%        3d10      3%          3
 Iskenderun's Battlesphe  Conj           52%        2d10      4%          5
 Mephitic Cloud           Conj/Pois/Air  23%        N/A       8%          3
 Apportation              Tloc           16%        N/A       10%         1
 Pain                     Necr           32%        1d5       10%         1
 Sandblast                Erth           16%        2d6       10%         1
 Summon Small Mammal      Summ           32%        N/A       10%         1
 Blink                    Tloc           16%        N/A       16%         2
 Call Imp                 Summ           8%         N/A       16%         2
 Corpse Rot               Necr/Air       16%        N/A       16%         2
 Passwall                 Tmut/Erth      6%         N/A       16%         2
 Poisonous Vapours        Pois/Air       16%        N/A       16%         2
 Call Canine Familiar     Summ           8%         N/A       30%         3
 Ozocubu's Armour         Ice            8%         N/A       30%         3
 Summon Guardian Golem    Hex/Summ       8%         N/A       30%         3
 Tukima's Dance           Hex            8%         N/A       30%         3
 Passage of Golubria      Tloc           8%         N/A       69%         4
 Orb of Destruction       Conj           26%        9d9       77%         7
 Conjure Ball Lightning   Conj/Air       15%        3x3d6     88%         6
 Agony                    Necr           8%         N/A       95%         5
 Alistair's Intoxication  Tmut/Pois      5%         N/A       95%         5
 Excruciating Wounds      Necr           4%         N/A       95%         5
 Manifold Assault         Tloc           8%         N/A       95%         5
 Metabolic Englaciation   Hex/Ice        4%         N/A       95%         5
 Yara's Violent Unravell  Hex/Tmut       4%         3d4       95%         5
 Simulacrum               Ice/Necr       4%         N/A       100%        6
 Storm Form               Tmut/Air       4%         N/A       100%        7


Dungeon Overview and Level Annotations

Branches:
Dungeon (11/15)            Temple (1/1) D:6            Lair (0/6) D:11
Ossuary (visited)
    Orc: D:9-12

Altars:
Ashenzari
Cheibriados
Dithmenos
Elyvilon
Fedhas
Gozag
Hepliaklqana
Kikubaaqudgha
Makhleb
Nemelex Xobeh
Okawaru
Ru
Sif Muna
Trog
Uskayaw
Vehumet
Wu Jian
Xom
Yredelemnul
Zin
The Shining One

Shops:
D:1 *   D:3 (

Annotations:
D:7 exclusion: statue
D:10 exclusions: two-headed ogre and wyvern
D:11 Erolcha


Innate Abilities, Weirdness & Mutations

You have a beak for a mouth.
You have claws for feet.
Your magical nature lets you fly swiftly and evasively.


Message History

You are cast into the Abyss!
This branch contains the abyssal rune of Zot.
Unknown command.
Unknown command.
Unknown command.
You start resting.
You hear a chilling moan. x2
Something misses you. Something barely misses you. Something barely misses you.
Casting: Fireball (dangerous; 2% risk of failure)
Confirm with . or Enter, or press ? or * to list all spells.
Flames lash something but do no damage.
Something hits you!!
You feel your power leaking away.
Deactivating autopickup; reactivate with Ctrl-A.
Casting: Scorch (safe; 1% risk of failure)
Confirm with . or Enter, or press ? or * to list all spells.
You don't have enough magic to cast this spell.
Unknown command.
You closely miss something. You claw something. Your peck misses something.
Your +7 dagger "Imeethinar" {spect, Fly rPois Int+3} hits something.
Something misses you.
You hit something. Your kick misses something.
Your +7 dagger "Imeethinar" {spect, Fly rPois Int+3} barely misses something.
Something misses you.
You barely miss something.
Your +7 dagger "Imeethinar" {spect, Fly rPois Int+3} hits something!
Something hits you!
You hit something but do no damage. Your kick misses something.
Your +7 dagger "Imeethinar" {spect, Fly rPois Int+3} completely misses something.
Something hits you!!
* * * LOW HITPOINT WARNING * * *
You closely miss something. Your peck misses something.
Your +7 dagger "Imeethinar" {spect, Fly rPois Int+3} barely misses something.
Something hits you but does no damage.
You hit something.
Your +7 dagger "Imeethinar" {spect, Fly rPois Int+3} hits something but does no damage.
Your +7 dagger "Imeethinar" {spect, Fly rPois Int+3} fades away.
Something hits you!!
You die...

. .. ...
.... .....
......####
#.@.#
#...#
#...#
#...#
'....
##.....
.'..... .
....#..


There were no monsters in sight!

Vanquished Creatures
  2 two-headed ogres
  A cyclops (D:11)
  Psyche (D:11)
  An unseen horror (D:11)
  A gargoyle (D:11)
  A komodo dragon (D:11)
  A merfolk (shapeshifter) (D:11)
  2 trolls (D:11)
  A slime creature (D:11)
  A hornet (D:7)
  2 shadows
  3 wraiths
  2 basilisks (D:11)
  3 wyverns
  18 yaks
  The ghost of Soel the Skirmisher, an amateur FoAK of Lugonu (D:3)
  A steam dragon (D:8)
  Menkaure (D:5)
  2 acid dragons
  Duvessa (D:7)
  6 water moccasins
  6 ice beasts
  3 sky beasts
  A black bear (D:4)
  4 orc warriors
  2 ogres
  3 centaurs
  2 phantoms
  2 kobold brigands
  4 bullfrogs
  2 necrophages
  2 gnoll sergeants (D:7)
  5 scorpions
  5 wights (D:8)
  Dowan (D:7)
  10 killer bees
  9 howler monkeys
  A jelly (D:7)
  12 orc priests
  4 gnoll shamans
  6 hounds
  Ijyb (D:3)
  6 iguanas
  13 orc wizards
  3 mummies (Ossuary)
  30 gnolls
  8 adders
  A shadow imp (D:6)
  2 white imps (D:6)
  2 ufetubi
  2 worms
  4 dart slugs
  44 orcs
  11 endoplasms
  4 giant cockroaches
  6 goblins
  7 hobgoblins
  2 quokkas
  5 ball pythons
  4 bats
  A frilled lizard (D:3)
  2 goblin zombies
  A hobgoblin zombie (Ossuary)
  17 kobolds
  4 kobold zombies (Ossuary)
  An orc zombie (Ossuary)
  A quokka zombie (D:4)
  7 rats
325 creatures vanquished.

Vanquished Creatures (collateral kills)
  A foxfire (D:11)
1 creature vanquished.

Vanquished Creatures (others)
  An orc warrior (D:9)
  An orc wizard (D:11)
  850 foxfires
  5 fungi (D:11)
  21 plants
878 creatures vanquished.

Grand Total: 1204 creatures vanquished

Notes
Turn   | Place    | Note
-------+----------+-------------------------------------------
     0 | D:1      | kae the Tengu Fire Elementalist began the quest for the
                  | Orb.
     0 | D:1      | Reached XP level 1. HP: 10/10 MP: 4/4
   209 | D:1      | Reached XP level 2. HP: 12/16 MP: 3/6
   705 | D:1      | Found Niqytaj's Assorted Antiques.
   712 | D:1      | Bought a bubbling puce potion for 17 gold pieces
   855 | D:1      | Reached XP level 3. HP: 19/20 MP: 4/7
  1369 | D:2      | Reached skill level 1 in Fighting
  1369 | D:2      | Reached skill level 4 in Fire Magic
  1369 | D:2      | Reached XP level 4. HP: 25/25 MP: 4/8
  1569 | D:2      | You fall into a shaft and drop 2 floors!
  1631 | D:4      | Gained mutation: Your magical nature lets you fly swiftly
                  | and evasively. [Tengu growth]
  1631 | D:4      | Reached XP level 5. HP: 29/29 MP: 5/10
  1634 | D:4      | Learned a level 2 spell: Scorch
  1638 | D:4      | Learned a level 3 spell: Conjure Flame
  1729 | D:4      | Noticed a black bear
  1752 | D:4      | Found a sand-covered staircase.
  1769 | Ossuary  | Entered an ossuary
  1769 | Ossuary  | Noticed a wraith
  1769 | Ossuary  | Noticed a wraith
  1769 | Ossuary  | Noticed a wraith
  2457 | Ossuary  | Noticed a wraith
  2899 | D:1      | Bought a scroll labelled KOSHYSMAIDD for 19 gold pieces
  2899 | D:1      | Bought a scroll labelled KAFFEUN SIMO for 19 gold pieces
  3565 | D:3      | Reached XP level 6. HP: 35/35 MP: 5/11
  3732 | D:3      | Found a runed translucent door.
  3765 | D:3      | Found a faded altar of an unknown god.
  4005 | D:3      | Reached skill level 5 in Fire Magic
  4343 | D:3      | Found Kemaqim's Antique Weapon Emporium.
  4534 | D:3      | Noticed Ijyb
  4884 | D:4      | Killed a black bear
  5048 | D:4      | Reached XP level 7. HP: 39/40 MP: 6/12
  5914 | D:4      | Found an opulent altar of Gozag.
  5917 | D:4      | Found a white marble altar of Elyvilon.
  5924 | D:4      | Found a shimmering blue altar of Sif Muna.
  5927 | D:4      | Found a hazy altar of Hepliaklqana.
  5930 | D:4      | Found a basalt altar of Yredelemnul.
  5934 | D:4      | Found a hide-covered altar of Uskayaw.
  6059 | D:4      | Identified the +2 cloak "Govvodd" {rC+ Stlth+}
  6187 | D:5      | Entered Level 5 of the Dungeon
  6192 | D:5      | Noticed Menkaure
  6206 | D:5      | Killed Menkaure
  6207 | D:5      | Reached skill level 6 in Fire Magic
  6499 | D:5      | Reached skill level 5 in Conjurations
  6499 | D:5      | Reached XP level 8. HP: 46/46 MP: 9/14
  6554 | D:5      | Found a shadowy altar of Dithmenos.
  6978 | D:6      | Found a staircase to the Ecumenical Temple.
  6987 | Temple   | Entered the Ecumenical Temple
  7471 | D:6      | Reached skill level 7 in Fire Magic
  7969 | D:6      | Reached skill level 5 in Dodging
  8454 | D:6      | Reached XP level 9. HP: 44/52 MP: 8/16
  8526 | D:6      | Reached skill level 8 in Fire Magic
  8993 | D:6      | Found a staircase to the Ecumenical Temple.
  9957 | D:7      | Reached skill level 5 in Spellcasting
  9991 | D:7      | Reached skill level 5 in Fighting
 10000 | D:7      | Reached skill level 9 in Fire Magic
 10024 | D:7      | Noticed a hornet
 10040 | D:7      | Killed a hornet
 10060 | D:7      | Reached XP level 10. HP: 53/59 MP: 19/19
 10236 | D:7      | Identified the +7 dagger "Imeethinar" {spect, Fly rPois
                  | Int+3}
 10239 | D:7      | Identified the +2 pair of gloves of Demons {Dex+3}
 10247 | D:7      | Identified the +4 ring mail "Fenugh" {rC- Str+3 Dex+5}
 10743 | D:7      | Reached skill level 10 in Fire Magic
 10917 | D:7      | Noticed a two-headed ogre
 11103 | D:7      | Killed a two-headed ogre
 11281 | D:7      | Noticed Duvessa
 11284 | D:7      | Noticed Dowan
 11712 | D:7      | Found a broken altar of Ashenzari.
 11823 | D:7      | Found a radiant altar of Vehumet.
 12159 | D:7      | Became a worshipper of Vehumet
 12381 | D:7      | Killed Duvessa
 12554 | D:7      | Killed Dowan
 13252 | D:8      | Found an ornate altar of the Wu Jian Council.
 13625 | D:8      | Reached * piety under Vehumet
 13625 | D:8      | Offered knowledge of Shock by Vehumet.
 13639 | D:8      | Reached XP level 11. HP: 45/66 MP: 15/21
 13976 | D:8      | Reached skill level 11 in Fire Magic
 14822 | D:3      | Killed Ijyb
 14873 | D:1      | Bought a scroll of identify for 38 gold pieces
 14873 | D:1      | Bought a scroll of identify for 38 gold pieces
 15310 | D:3      | Noticed Soel's ghost (amateur FoAK)
 15318 | D:3      | Killed Soel's ghost
 16041 | D:9      | Noticed a two-headed ogre
 16066 | D:9      | Killed a two-headed ogre
 16213 | D:9      | Reached ** piety under Vehumet
 16830 | D:10     | Entered Level 10 of the Dungeon
 16837 | D:10     | Noticed a two-headed ogre
 17171 | D:10     | Offered knowledge of Freeze by Vehumet.
 17920 | D:11     | Learned a level 3 spell: Inner Flame
 17925 | D:11     | Learned a level 4 spell: Flame Wave
 17931 | D:11     | Learned a level 5 spell: Fireball
 18033 | D:11     | Found the +3 Elemental Staff {rElec rF++ rC++ AC+5}
 18257 | D:11     | Noticed a cyclops
 18275 | D:11     | Noticed a lindwurm
 18275 | D:11     | a wind drake changed into a lindwurm
 18284 | D:11     | Reached skill level 1 in Shields
 18382 | D:11     | Noticed an orb spider
 18422 | D:11     | Noticed a wolf spider
 18422 | D:11     | an orb spider changed into a wolf spider
 18427 | D:11     | Found a staircase to the Lair.
 18502 | D:11     | Reached skill level 12 in Fire Magic
 18597 | D:11     | Noticed Psyche
 18602 | D:11     | Killed Psyche
 18767 | D:11     | Offered knowledge of Ignite Poison by Vehumet.
 19194 | D:11     | Reached skill level 10 in Conjurations
 19194 | D:11     | Reached XP level 12. HP: 71/72 MP: 11/23
 19268 | D:11     | Noticed Erolcha
 19658 | D:11     | Reached *** piety under Vehumet
 20130 | D:11     | Cast into level 1 of the Abyss (Erolcha)
 20176 | Abyss:1  | Demolished by a lorocyproca

Illustrated notes

Levels and vault maps discovered:
D:1:      lightli_arrival_statuegarden, layout_basic, serial_shops, shop
D:2:      layout_basic, serial_rivers, chequers_serial_rivers_marsh,
          chequers_serial_rivers_micro_d, chequers_serial_rivers_small_b,
          chequers_serial_rivers_large_a, chequers_serial_rivers_small_3,
          chequers_serial_rivers_room_b, chequers_jeans, grunt_ministairs_13
D:3:      layout_basic, serial_shops,
          nicolae_shop_temple_entry_statues_fountains,
          dreamdust_ecumenical_altar_hidden_monk_grotto,
          ebering_ghost_reflecting_pool, nrook_campfire, uniq_ijyb
D:4:      layout_basic, nicolae_overflow_hallway_of_the_gods, enter_ossuary_4,
          hangedman_abyss_or_decor_stagger
D:5:      layout_cave_pools, lemuel_doored_altar, uniq_menkaure
D:6:      minmay_recursive_quarters, layout_basic,
          minmay_temple_entry_junction_2
D:7:      minmay_the_grid_octo_tiled_octocenter [minmay_the_grid_octo_chip,
          minmay_the_grid_octo_toaster, minmay_the_grid_octo_horde,
          minmay_the_grid_octo_odd_swirl,
          minmay_the_grid_octo_prize_ultimate_mussel_roller,
          minmay_the_grid_square_5x5_checkered_sparse,
          minmay_the_grid_square_5x5_fat_x,
          minmay_the_grid_square_5x5_gyroscope, minmay_the_grid_square_5x5_six],
          layout_gridville, vehumet_statue, overflow_temple_1_default,
          enter_bailey_2, uniq_duvessa
D:8:      layout_loops_corners, mainiacjoe_overflow_paths,
          dreamdust_princess_bridge
D:9:      layout_loops_ring
D:10:     layout_basic, lemuel_coloured_pillars_altar
D:11:     layout_basic, minmay_lair_entry_grove, minmay_mirror_moons_of_madness,
          uniq_psyche, uniq_erolcha
Temple:   jpeg_temple_clearing
Abyss:1:  base:
D:3

Skill      XL: |  1  2  3  4  5  6  7  8  9 10 11 12 |
---------------+-------------------------------------+-----
Conjurations   | 2 3 4 5 6 7 8 10 | 10.2
Fighting       | 1 2 3 4 5 6 7 |  7.6
Fire Magic     | 4 5 6 7 9 10 12 | 12.5
Dodging        | 3 4 5 6 7 8 |  8.8
Spellcasting   | 3 4 5 6 7 |  7.4
Shields        | 3 4 |  4.0
Stealth        | |  2.0

Action                   |  1- 3 |  4- 6 |  7- 9 | 10-12 || total
-------------------------+-------+-------+-------+-------++-------
Melee: Unarmed           |     2 |     1 |       |     9 ||    12
       Kick              |       |     3 |    21 |    29 ||    53
       War axe           |       |     7 |     3 |       ||    10
       Halberd           |       |       |    61 |     2 ||    63
       Peck              |       |       |    12 |    18 ||    30
       Dagger            |       |       |       |    80 ||    80
       Punch             |       |       |       |     1 ||     1
 Cast: Foxfire           |    53 |    90 |   134 |   236 ||   513
       Scorch            |       |    30 |    68 |   197 ||   295
       Conjure Flame     |       |     1 |     7 |    19 ||    27
       Fireball          |       |       |       |     8 ||     8
       Inner Flame       |       |       |       |     1 ||     1
       Flame Wave        |       |       |       |     1 ||     1
Evoke: Wand              |       |       |       |     2 ||     2
  Use: Scroll            |     1 |    13 |     3 |     8 ||    25
       Potion            |       |       |     3 |     1 ||     4
 Stab: Distracted        |       |       |       |     2 ||     2
       Sleeping          |       |       |       |     3 ||     3
Armor: Robe              |     2 |     5 |    26 |    33 ||    66
Dodge: Dodged            |     8 |    45 |   111 |   294 ||   458
Block: Buckler           |       |       |       |    29 ||    29

Table legend: (Time is in decaauts)
 A = Elapsed time spent in this place.
 B = Non-inter-level travel time spent in this place.
 C = Inter-level travel time spent in this place.
 D = Time resting spent in this place.
 E = Time spent auto-exploring this place.
 F = Levels seen in this place.
 G = Mean time per level.
                   A        B        C        D        E       F      G
               +--------+--------+--------+--------+--------+-----+--------+
         Total |  19338 |  18457 |    881 |   2141 |  13106 |  14 | 1381.3 |
       Dungeon |  18461 |  17598 |    863 |   2082 |  12426 |  11 | 1678.3 |
        Temple |    128 |    110 |     18 |      0 |     99 |   1 |  128.0 |
         Abyss |     45 |     45 |      0 |     37 |      0 |   1 |   45.0 |
       Ossuary |    702 |    702 |      0 |     22 |    581 |   1 |  702.0 |
               +--------+--------+--------+--------+--------+-----+--------+

Top non-repeatable levels by time:
     D:7: 3118 daAuts
     D:6: 2366 daAuts
    D:11: 2225 daAuts
     D:8: 2101 daAuts
     D:3: 2004 daAuts
     D:4: 1361 daAuts
     D:2: 1315 daAuts
     D:1: 1166 daAuts
     D:9: 1057 daAuts
    D:10: 938 daAuts
     D:5: 805 daAuts
 Ossuary: 702 daAuts
  Temple: 128 daAuts
 Abyss:1: 45 daAuts
